 Dungeon Crawl Stone Soup version 0.31-a0-175-g9f7f995f2b (webtiles) character file.

Game seed: 1702801453582543453

93 qw the Shooter (level 4, 0/40 HPs)
             Began as a Naga Hunter on June 16, 2023.
             Slain by an orc priest
             ... wielding a +0 trident
              (9 damage)
             ... on level 3 of the Dungeon.
             The game lasted 00:00:42 (2232 turns).

qw the Shooter (Naga Hunter)                        Turns: 2232, Time: 00:00:42

Health: 0/40       AC:  5    Str: 14    XL:     4   Next: 62%
Magic:  4/4        EV:  9    Int:  9    God:
Gold:   197        SH:  0    Dex: 16    Spells: 3/3 levels left

rFire   . . .        Y - +0 shortbow
rCold   . . .        (shield currently unavailable)
rNeg    . . .        c - +0 leather armour
rPois   +            a - +0 helmet
rElec   .            (no cloak)
rCorr   .            g - +1 pair of gloves
SInv    +            (no barding)
Will    .....        (no amulet)
Stlth   ++           (no ring)
HPRegen 0.26/turn    (no ring)
MPRegen 0.09/turn

%: no passive effects
@: short of breath, very slow
A: AC +1, large, see invisible, deformed body, poison resistance, slowness 2,
spit poison 1, naga tail 1
a: Spit Poison


You were on level 3 of the Dungeon.
You visited 1 branch of the dungeon, and saw 3 of its levels.

You collected 197 gold pieces.


Innate Abilities, Weirdness & Mutations

Your serpentine skin is tough. (AC +1)
You have supernaturally acute eyesight. (SInv)
Armour fits poorly on your strangely shaped body.
Your system is resistant to poisons. (rPois)
You cover ground very slowly.
You can spit poison.
You have a snake-like lower body.


   Skills:
 + Level 2.6 Fighting
 - Level 5.1 Ranged Weapons
 - Level 1.5 Dodging
 - Level 1.5 Stealth


You had 3 spell levels left.
You didn't know any spells.
Your spell library was empty.

Inventory:

Hand Weapons
 Y - a +0 shortbow (weapon)
Armour
 a - a +0 helmet (worn)
 c - a +0 leather armour (worn)
 g - a +1 pair of gloves (worn)
Scrolls
 f - 3 scrolls of identify
Potions
 b - a potion of curing {unknown}
 d - a potion of resistance

Dungeon Overview and Level Annotations

Branches:
Dungeon (3/15)

Altars:
Hepliaklqana
Sif Muna

Shops:
D:1 ?


Message History

You fail to use your ability.
The orc priest hits you but does no damage.
2227 ||| INVOKING Spit Poison.
Aiming: Spit Poison (1% risk of failure)
Press: ? - help, Shift-Dir - straight line, f - orc wizard, p - orc priest The splash of poison misses the orc wizard.
The orc priest hits you but does no damage.
The orc wizard hits you but does no damage.
You shoot an arrow.
The arrow closely misses the orc wizard.
The orc priest hits you from afar with a +0 trident.
The orc wizard gestures at you while chanting.
The magic dart hits you.
You shoot an arrow. The arrow hits the orc wizard.
The orc wizard is heavily wounded.
The orc priest hits you from afar with a +0 trident!
The orc wizard gestures at you while chanting.
The magic dart hits you.
The orc priest hits you from afar with a +0 trident.
The orc wizard casts a spell at you. The puff of flame hits you!
You shoot an arrow.
The arrow hits the orc wizard but does no damage.
The orc wizard is heavily wounded.
You have got your breath back.
The orc wizard hits you with a +0 dagger.
The orc priest looks satisfied for a moment.
2231 ||| INVOKING Spit Poison.
Aiming: Spit Poison (1% risk of failure)
Press: ? - help, Shift-Dir - straight line, f/p - orc wizard The splash of poison hits the orc wizard.
The orc wizard is poisoned.
The orc wizard is heavily wounded.
The orc priest hits you from afar with a +0 trident.
The orc wizard hits you but does no damage.
You shoot an arrow.
The arrow hits the orc wizard but does no damage.
The orc wizard is severely wounded.
The orc priest hits you from afar with a +0 trident!
You die...

####7~.~._.~.~7[....####.##.#
....7~.~...~.~7....## #...)#
....7~..~~~..~7....# ####.##
....7.~~~~~~~.7#.### ##....##
....7......... #.# ##......##
## ..#..777777777 #.#
#........###. #.##### .o #.#
#........##.. ......# #. #.#
#..%.%...##.# ......# #.#@#
#.%).....##.# ......# #oo.#
##...%..###.# ......# ##..#
##....####.# ......#
##.######.####..... ......#
#...[.........#.#. ......#
####.%#########.#. %.....#
##.# #..... ......# #.#
##..#.. ......# #.# #..#...


You could see an orc priest and an orc wizard (poisoned).

Vanquished Creatures
  An orc wizard (D:3)
  5 orcs (D:3)
  6 ball pythons
  2 bats
  An endoplasm (D:1)
  13 giant cockroaches
  2 goblins (D:1)
  3 hobgoblins (D:1)
  4 jackals (D:3)
  7 kobolds
  2 quokkas
  5 frilled lizards
  5 rats
56 creatures vanquished.

Notes
Turn   | Place    | Note
-------+----------+-------------------------------------------
     0 | D:1      | qw the Naga Hunter began the quest for the Orb.
     0 | D:1      | Reached XP level 1. HP: 19/19 MP: 1/1
     0 | D:1      | 0 ||| qw: Version: 0.2-a-29-g511e9b1
     0 | D:1      | 0 ||| qw: Game counter: 5819
     0 | D:1      | 0 ||| qw: Always use a shield: true
     0 | D:1      | 0 ||| qw: God list: Okawaru
     0 | D:1      | 0 ||| qw: Allow faded altars: false
     0 | D:1      | 0 ||| qw: Do Orc after D:15 true
     0 | D:1      | 0 ||| qw: Do second Lair branch before Depths: true
     0 | D:1      | 0 ||| qw: Lair rune preference: random
     0 | D:1      | 0 ||| qw: Plans: Normal
     0 | D:1      | 0 ||| PLANNING D:1-11
    27 | D:1      | Found Ygozait's Magic Scroll Shop.
    28 | D:1      | 28 ||| INVOKING Spit Poison.
    57 | D:1      | 57 ||| SHOPLISTING scroll of brand weapon (114 gold, have
                  | 7).
    57 | D:1      | 57 ||| SHOPLISTING scroll of enchant armour (90 gold, have
                  | 7).
    57 | D:1      | 57 ||| SHOPLISTING scroll of enchant weapon (90 gold, have
                  | 7).
    57 | D:1      | 57 ||| SHOPLISTING scroll of teleportation (36 gold, have
                  | 7).
    76 | D:1      | 76 ||| INVOKING Spit Poison.
   143 | D:1      | 143 ||| INVOKING Spit Poison.
   144 | D:1      | 144 ||| INVOKING Spit Poison.
   310 | D:1      | 310 ||| INVOKING Spit Poison.
   311 | D:1      | Reached skill level 4 in Ranged Weapons
   311 | D:1      | Reached XP level 2. HP: 26/26 MP: 2/2
   315 | D:1      | 315 ||| INVOKING Spit Poison.
   363 | D:1      | 363 ||| INVOKING Spit Poison.
   428 | D:1      | 428 ||| INVOKING Spit Poison.
   431 | D:1      | 431 ||| INVOKING Spit Poison.
   490 | D:1      | 490 ||| INVOKING Spit Poison.
   512 | D:1      | 512 ||| INVOKING Spit Poison.
   823 | D:1      | 823 ||| READING scroll labelled FACRUE AN LEMA.
   824 | D:1      | 824 ||| READING 4 scrolls labelled ENETOTA VIBE.
   825 | D:1      | 825 ||| READING scroll labelled ZESUCS NOSOMM.
   926 | D:1      | 926 ||| DRINKING 2 white potions.
   927 | D:1      | 927 ||| READING 3 scrolls of identify.
   927 | D:1      | 927 ||| IDENTIFYING emerald potion
   928 | D:1      | 928 ||| DROPPING scroll of butterflies.
   929 | D:1      | 929 ||| DROPPING potion of brilliance.
   961 | D:2      | 961 ||| INVOKING Spit Poison.
   966 | D:2      | 966 ||| STAIRDANCE
   968 | D:1      | 968 ||| INVOKING Spit Poison.
  1016 | D:2      | 1016 ||| INVOKING Spit Poison.
  1065 | D:2      | 1065 ||| INVOKING Spit Poison.
  1141 | D:2      | 1141 ||| INVOKING Spit Poison.
  1149 | D:2      | 1149 ||| INVOKING Spit Poison.
  1150 | D:2      | Reached XP level 3. HP: 32/32 MP: 3/3
  1202 | D:2      | 1202 ||| INVOKING Spit Poison.
  1323 | D:2      | 1323 ||| INVOKING Spit Poison.
  1341 | D:2      | 1341 ||| INVOKING Spit Poison.
  1346 | D:2      | 1346 ||| INVOKING Spit Poison.
  1433 | D:2      | Found a faded altar of an unknown god.
  1713 | D:2      | 1713 ||| UPGRADING to +0 helmet.
  1718 | D:2      | 1718 ||| UPGRADING to +1 pair of gloves.
  1723 | D:2      | 1723 ||| READING scroll labelled SIAREZISEI.
  1781 | D:2      | 1781 ||| DRINKING 2 sapphire potions.
  1886 | D:2      | 1886 ||| DROPPING potion of berserk rage.
  1895 | D:3      | 1895 ||| INVOKING Spit Poison.
  1900 | D:3      | 1900 ||| INVOKING Spit Poison.
  1918 | D:3      | Found a shimmering blue altar of Sif Muna.
  1982 | D:3      | 1982 ||| INVOKING Spit Poison.
  2006 | D:3      | 2006 ||| INVOKING Spit Poison.
  2011 | D:3      | 2011 ||| INVOKING Spit Poison.
  2016 | D:3      | Reached skill level 5 in Ranged Weapons
  2016 | D:3      | Reached XP level 4. HP: 34/39 MP: 4/4
  2017 | D:3      | 2017 ||| INVOKING Spit Poison.
  2088 | D:3      | 2088 ||| INVOKING Spit Poison.
  2140 | D:3      | 2140 ||| INVOKING Spit Poison.
  2148 | D:3      | 2148 ||| INVOKING Spit Poison.
  2152 | D:3      | 2152 ||| INVOKING Spit Poison.
  2156 | D:3      | 2156 ||| INVOKING Spit Poison.
  2161 | D:3      | 2161 ||| INVOKING Spit Poison.
  2169 | D:3      | 2169 ||| INVOKING Spit Poison.
  2179 | D:3      | 2179 ||| INVOKING Spit Poison.
  2191 | D:3      | Found a hazy altar of Hepliaklqana.
  2225 | D:3      | 2225 ||| Stepping ~*~*~tactically~*~*~ (outnumbered).
  2226 | D:3      | 2226 ||| INVOKING Spit Poison.
  2227 | D:3      | 2227 ||| INVOKING Spit Poison.
  2230 | D:3      | HP: 10/40 [orc wizard/+0 dagger (2)]
  2231 | D:3      | 2231 ||| INVOKING Spit Poison.
  2232 | D:3      | Slain by an orc priest

Levels and vault maps discovered:
D:1:      evilmike_arrival_grusome_pit, layout_basic, serial_shops, shop
D:2:      layout_basic, shapermc_ecumenical_altar_petra
D:3:      minmay_roachtagon, layout_basic, mainiacjoe_overflow_paths,
          mainiacjoe_overflow_concentric_impassable

Skill      XL: |  1  2  3 |
---------------+----------+-----
Ranged Weapons | 4 5 |  5.1
Fighting       | |  2.6
Dodging        | |  1.5
Stealth        | |  1.5

Action                     |  1- 3 |  4- 6 || total
---------------------------+-------+-------++-------
   Fire: Shortbow          |    63 |    30 ||    93
Ability: Spit Poison       |    25 |    11 ||    36
    Use: Scroll            |     5 |       ||     5
         Potion            |     2 |       ||     2
 Armour: Leather armour    |     7 |     8 ||    15
  Dodge: Dodged            |    11 |     2 ||    13

Table legend:
 A = Non-vault XP
 B = Vault XP
 C = Vault XP percentage of total XP
 D = Non-vault monster count
 E = Vault monster count
 F = Vault count percentage of total count
                 A         B        C        D         E       F
            +---------+---------+-------+---------+---------+-------
      Total |     116 |      18 |  13.4 |      47 |       9 |  16.1
            +---------+---------+-------+---------+---------+-------
        D:1 |      27 |       0 |   0.0 |      16 |       0 |   0.0
        D:2 |      19 |       0 |   0.0 |      13 |       0 |   0.0
        D:3 |      70 |      18 |  20.5 |      18 |       9 |  33.3
            +---------+---------+-------+---------+---------+-------
